ESL (28 & UNDER)
BUTLER WHITE SOX @ INTERCOURSE AMISH
09/16/2028
 
TOP OF THE 1ST
Butler White Sox batting - Pitching for Intercourse Amish : LHP Pancho Guerrero
Pitching: LHP Pancho Guerrero
Batting: LHB Kyle Robbins 0-0: Fly out, F9 (Line Drive, 9D)
Batting: RHB Luis Fuentes 0-0: Foul Ball, location: 2F
0-1: Swinging Strike
0-2: Ball
1-2: Strikes out swinging
Batting: RHB Bobby Murdock 0-0: Ball
1-0: Fly out, F8 (Flyball, 78M)
Top of the 1st over - 0 run(s), 0 hit(s), 0 error(s), 0 left on base; Butler 0 - Intercourse 0
BOTTOM OF THE 1ST
Intercourse Amish batting - Pitching for Butler White Sox : LHP Dexter Browning
Pitching: LHP Dexter Browning
Batting: LHB Dave Reynolds 0-0: Ball
1-0: Foul Ball, location: 2F
1-1: SINGLE (Line Drive, 89S)
Batting: SHB Ralph Robison 0-0: Ball
1-0: Ball
2-0: Called Strike
2-1: Ball
3-1: Base on Balls
Dave Reynolds to second
Batting: RHB Juan Estrada 0-0: Called Strike
0-1: Ball
1-1: Ball
2-1: Called Strike
2-2: SINGLE (Line Drive, 78S)
Dave Reynolds to third
Ralph Robison to second
Runner from 3rd tries for Home, SAFE, throw made at trailing runner, OUT at third!
Batting: RHB Juan Caceres 0-0: Ball
1-0: Ball
2-0: Foul Ball, location: 2F
2-1: Foul Ball, location: 2F
2-2: Strikes out swinging
Batting: LHB Tony O'Bryan 0-0: Fly out, F9 (Flyball, 9S)
Bottom of the 1st over - 1 run(s), 2 hit(s), 0 error(s), 1 left on base; Butler 0 - Intercourse 1
TOP OF THE 2ND
Butler White Sox batting - Pitching for Intercourse Amish : LHP Pancho Guerrero
Batting: LHB Denny Allen 0-0: SINGLE (Groundball, 3D)
Batting: RHB Tom Lang 0-0: Called Strike
0-1: Ball
1-1: Ball
2-1: Ball
3-1: Called Strike
3-2: Strikes out swinging
Denny Allen is caught stealing 2nd base
Batter strikes out.
Batting: LHB Thomas Dixon 0-0: Swinging Strike
0-1: Ball
1-1: Fly out, F5 (Popup, 5S)
Top of the 2nd over - 0 run(s), 1 hit(s), 0 error(s), 0 left on base; Butler 0 - Intercourse 1
BOTTOM OF THE 2ND
Intercourse Amish batting - Pitching for Butler White Sox : LHP Dexter Browning
Batting: RHB Frank Maxwell 0-0: Called Strike
0-1: Foul Ball, location: 2F
0-2: Strikes out swinging
Batting: SHB Conan Hanson 0-0: Ball
1-0: Called Strike
1-1: Called Strike
1-2: Foul Ball, location: 2F
1-2: Strikes out swinging
Batting: RHB Pablo Díaz 0-0: Ball
1-0: Ball
2-0: Ball
3-0: Called Strike
3-1: Called Strike
3-2: Fly out, F6 (Popup, 6D)
Bottom of the 2nd over - 0 run(s), 0 hit(s), 0 error(s), 0 left on base; Butler 0 - Intercourse 1
TOP OF THE 3RD
Butler White Sox batting - Pitching for Intercourse Amish : LHP Pancho Guerrero
Batting: LHB Josh Pérez 0-0: Foul Ball, location: 2F
0-1: Called Strike
0-2: Ball
1-2: Ball
2-2: Ball
3-2: Foul Ball, location: 2F
3-2: Foul Ball, location: 2F
3-2: Base on Balls
Batting: RHB Jerry Moore 0-0: Called Strike
0-1: Ball
1-1: Ball
2-1: Foul Ball, location: 2F
2-2: Fly out, F9 (Flyball, 89M)
Batting: RHB Steve Clifton 0-0: Ball
1-0: SINGLE (Groundball, 6D)
Josh Pérez to second
Batting: LHB Kyle Robbins 0-0: Fly out, F1 (Line Drive, 13)
Batting: RHB Luis Fuentes 0-0: Ball
1-0: Ball
2-0: Ball
3-0: Called Strike
3-1: Foul Ball, location: 2F
3-2: Ground out 6-3 (Groundball, 6M)
Top of the 3rd over - 0 run(s), 1 hit(s), 0 error(s), 2 left on base; Butler 0 - Intercourse 1
BOTTOM OF THE 3RD
Intercourse Amish batting - Pitching for Butler White Sox : LHP Dexter Browning
Batting: LHB Caleb Hall 0-0: Called Strike
0-1: Called Strike
0-2: Ball
1-2: Strikes out swinging
Batting: LHB Dave Reynolds 0-0: SOLO HOME RUN (Flyball, 89XD), Distance : 402 ft
Batting: SHB Ralph Robison 0-0: Ball
1-0: Ball
2-0: Ball
3-0: Called Strike
3-1: Base on Balls
Batting: RHB Juan Estrada 0-0: Called Strike
0-1: Ball
1-1: Foul Ball, location: 2F
1-2: Ball
2-2: Ball
3-2: Fly out, F8 (Flyball, 8LS)
Batting: RHB Juan Caceres 0-0: Called Strike
0-1: Fly out, F9 (Line Drive, 89M)
Bottom of the 3rd over - 1 run(s), 1 hit(s), 0 error(s), 1 left on base; Butler 0 - Intercourse 2
TOP OF THE 4TH
Butler White Sox batting - Pitching for Intercourse Amish : LHP Pancho Guerrero
Batting: RHB Bobby Murdock 0-0: Ball
1-0: Ball
2-0: SOLO HOME RUN (Flyball, 7LD), Distance : 375 ft
Batting: LHB Denny Allen 0-0: Fly out, F8 (Flyball, 8RM)
Batting: RHB Tom Lang 0-0: Ball
1-0: Called Strike
1-1: Fly out, F9 (Flyball, 9S)
Batting: LHB Thomas Dixon 0-0: Called Strike
0-1: Foul Ball, location: 2F
0-2: Strikes out swinging
Top of the 4th over - 1 run(s), 1 hit(s), 0 error(s), 0 left on base; Butler 1 - Intercourse 2
BOTTOM OF THE 4TH
Intercourse Amish batting - Pitching for Butler White Sox : LHP Dexter Browning
Batting: LHB Tony O'Bryan 0-0: Called Strike
0-1: Called Strike
0-2: Ball
1-2: Foul Ball, location: 2F
1-2: Strikes out looking
Batting: RHB Frank Maxwell 0-0: Called Strike
0-1: Ball
1-1: Ball
2-1: Foul Ball, location: 2F
2-2: Ball
3-2: Foul Ball, location: 2F
3-2: Strikes out looking
Batting: SHB Conan Hanson 0-0: Called Strike
0-1: Swinging Strike
0-2: Ball
1-2: Strikes out swinging
Bottom of the 4th over - 0 run(s), 0 hit(s), 0 error(s), 0 left on base; Butler 1 - Intercourse 2
TOP OF THE 5TH
Butler White Sox batting - Pitching for Intercourse Amish : LHP Pancho Guerrero
Batting: LHB Josh Pérez 0-0: Foul Ball, location: 2F
0-1: Called Strike
0-2: Ball
1-2: Ground out 6-3 (Groundball, 56D)
Batting: RHB Jerry Moore 0-0: Ball
1-0: Ball
2-0: Foul Ball, location: 2F
2-1: Called Strike
2-2: SINGLE (Flyball, 78S)
Batting: RHB Steve Clifton 0-0: Ball
1-0: Called Strike
1-1: Ball
2-1: Called Strike
2-2: Ball
3-2: Grounds into double play, 5-4-3 (Groundball, 56)
Top of the 5th over - 0 run(s), 1 hit(s), 0 error(s), 0 left on base; Butler 1 - Intercourse 2
BOTTOM OF THE 5TH
Intercourse Amish batting - Pitching for Butler White Sox : LHP Dexter Browning
Batting: RHB Pablo Díaz 0-0: Ball
1-0: Foul Ball, location: 2F
1-1: Ball
2-1: Foul Ball, location: 2F
2-2: SOLO HOME RUN (Flyball, 7LD), Distance : 356 ft
Batting: LHB Caleb Hall 0-0: Fly out, F9 (Flyball, 89M)
Batting: LHB Dave Reynolds 0-0: Ball
1-0: Ball
2-0: Ball
3-0: Foul Ball, location: 2F
3-1: Foul Ball, location: 2F
3-2: Base on Balls
Batting: SHB Ralph Robison 0-0: Ball
1-0: Called Strike
1-1: Swinging Strike
1-2: Ball
2-2: Foul Ball, location: 2F
2-2: Strikes out swinging
Batting: RHB Juan Estrada 0-0: Ball
Dave Reynolds is caught stealing 2nd base
Bottom of the 5th over - 1 run(s), 1 hit(s), 0 error(s), 0 left on base; Butler 1 - Intercourse 3
TOP OF THE 6TH
Butler White Sox batting - Pitching for Intercourse Amish : LHP Pancho Guerrero
Batting: LHB Kyle Robbins 0-0: Swinging Strike
0-1: Foul Ball, location: 2F
0-2: Strikes out swinging
Batting: RHB Luis Fuentes 0-0: Ball
1-0: Swinging Strike
1-1: Ball
2-1: Ball
3-1: Base on Balls
Batting: RHB Bobby Murdock 0-0: Ball
1-0: Fly out, F8 (Flyball, 8LM)
Batting: LHB Denny Allen 0-0: Ball
Luis Fuentes steals 2nd base
1-0: Foul Ball, location: 2F
1-1: DOUBLE (Line Drive, 7LS)
Luis Fuentes scores
Batting: RHB Tom Lang 0-0: Ground out 4-3 (Groundball, 4)
Top of the 6th over - 1 run(s), 1 hit(s), 0 error(s), 1 left on base; Butler 2 - Intercourse 3
BOTTOM OF THE 6TH
Intercourse Amish batting - Pitching for Butler White Sox : LHP Dexter Browning
Batting: RHB Juan Estrada 0-0: Ball
1-0: Ball
2-0: Called Strike
2-1: Ball
3-1: Base on Balls
Batting: RHB Juan Caceres 0-0: Called Strike
0-1: Swinging Strike
0-2: Ball
1-2: Strikes out swinging
Pitching: RHP Jorge Barrón
Batting: LHB Tony O'Bryan 0-0: Ball
Juan Estrada steals 2nd base
1-0: Ball
2-0: Foul Ball, location: 2F
2-1: Swinging Strike
2-2: Ball
3-2: Base on Balls
Batting: RHB Frank Maxwell 0-0: Ball
1-0: Ball
2-0: Fly out, F8 (Line Drive, 8LS)
Batting: SHB Conan Hanson 0-0: Ball
1-0: Ball
2-0: Ball
3-0: Called Strike
3-1: Called Strike
3-2: Base on Balls
Juan Estrada to third
Tony O'Bryan to second
Batting: RHB Pablo Díaz 0-0: Ball
1-0: Foul Ball, location: 2F
1-1: Ball
2-1: Ground out 5-3 (Groundball, 56S)
Bottom of the 6th over - 0 run(s), 0 hit(s), 0 error(s), 3 left on base; Butler 2 - Intercourse 3
TOP OF THE 7TH
Butler White Sox batting - Pitching for Intercourse Amish : LHP Pancho Guerrero
Batting: LHB Thomas Dixon 0-0: Ball
1-0: Ball
2-0: Ball
3-0: Called Strike
3-1: Called Strike
3-2: Base on Balls
Pinch Hitting: RHB Luis Ramos 0-0: Sac Bunt - play at first, batter OUT! 1-4
Thomas Dixon to second
Batting: RHB Jerry Moore 0-0: Ground out 5-3 (Groundball, 56)
Batting: RHB Steve Clifton 0-0: Ball
Balk!
Thomas Dixon to third
1-0: Ball
2-0: Swinging Strike
2-1: Swinging Strike
2-2: Strikes out swinging
Top of the 7th over - 0 run(s), 0 hit(s), 0 error(s), 1 left on base; Butler 2 - Intercourse 3
BOTTOM OF THE 7TH
Intercourse Amish batting - Pitching for Butler White Sox : RHP Jorge Barrón
Pitching: LHP Luis Torres
Now in LF: Luis Ramos
Batting: LHB Caleb Hall 0-0: Ball
1-0: Called Strike
1-1: Ball
2-1: Ball
3-1: Base on Balls
Pitching: RHP Carlos Olmedo
Batting: LHB Dave Reynolds 0-0: Ball
1-0: Ball
2-0: Bunt missed!
2-1: Sac Bunt - play at second, runner safe!
Pinch Runner at 2nd Bob Carr:
Batting: SHB Ralph Robison 0-0: Ball
1-0: Swinging Strike
1-1: Swinging Strike
1-2: Foul Ball, location: 2F
1-2: Foul Ball, location: 2F
1-2: Ball
2-2: Foul Ball, location: 2F
2-2: Fly out, F8 (Flyball, 78D)
Pinch Hitting: LHB Bruce Foster 0-0: Called Strike
0-1: Foul Ball, location: 2F
0-2: Strikes out looking
Batting: RHB Juan Caceres 0-0: Called Strike
0-1: Fielders Choice at 2nd, 4-6 (Groundball, 4)
Bottom of the 7th over - 0 run(s), 0 hit(s), 0 error(s), 1 left on base; Butler 2 - Intercourse 3
TOP OF THE 8TH
Butler White Sox batting - Pitching for Intercourse Amish : LHP Pancho Guerrero
Now at 2B: Gabriel Stout
Now at 3B: Joe Zapata
Now at SS: Bob Carr
Batting: LHB Kyle Robbins 0-0: Called Strike
0-1: Called Strike
0-2: Ball
1-2: Ball
2-2: Strikes out looking
Pitching: LHP Justin Short
Batting: RHB Luis Fuentes 0-0: Ground out 5-3 (Groundball, 56)
Batting: RHB Bobby Murdock 0-0: Swinging Strike
0-1: Ball
1-1: Foul Ball, location: 2F
1-2: Strikes out swinging
Top of the 8th over - 0 run(s), 0 hit(s), 0 error(s), 0 left on base; Butler 2 - Intercourse 3
BOTTOM OF THE 8TH
Intercourse Amish batting - Pitching for Butler White Sox : RHP Carlos Olmedo
Batting: LHB Tony O'Bryan 0-0: Ball
1-0: Ball
2-0: Called Strike
2-1: Called Strike
2-2: Ball
3-2: Strikes out looking
Batting: RHB Frank Maxwell 0-0: Foul Ball, location: 2F
0-1: Fly out, F9 (Flyball, 9LS)
Batting: SHB Conan Hanson 0-0: Ball
1-0: Called Strike
1-1: Ball
2-1: SINGLE (Line Drive, 89S)
Batting: RHB Pablo Díaz 0-0: Ball
1-0: Fly out, F6 (Popup, 6S)
Bottom of the 8th over - 0 run(s), 1 hit(s), 0 error(s), 1 left on base; Butler 2 - Intercourse 3
TOP OF THE 9TH
Butler White Sox batting - Pitching for Intercourse Amish : LHP Justin Short
Pitching: RHP Sixto Santiago
Batting: LHB Denny Allen 0-0: Ball
1-0: Ball
2-0: Ball
3-0: Base on Balls
Batting: RHB Tom Lang 0-0: Called Strike
0-1: Swinging Strike
0-2: Ball
1-2: Ball
2-2: Strikes out looking
Batting: LHB Thomas Dixon 0-0: Ball
1-0: Ball
2-0: Ball
3-0: Base on Balls
Denny Allen to second
Batting: RHB Luis Ramos 0-0: Ball
1-0: Ball
2-0: Called Strike
2-1: Foul Ball, location: 2F
2-2: Ball
3-2: Foul Ball, location: 2F
3-2: Strikes out looking
Pinch Hitting: LHB Sean Perkins 0-0: Ball
1-0: Ball
2-0: Foul Ball, location: 2F
2-1: SINGLE (Groundball, 3D)
Denny Allen to third
Thomas Dixon to second
Runner from 3rd tries for Home, SAFE, no throw
Pinch Hitting: RHB Cássio Cardenas 0-0: Ball
1-0: Called Strike
1-1: Ball
2-1: Foul Ball, location: 2F
2-2: Ball
3-2: Foul Ball, location: 2F
3-2: SINGLE (Flyball, 8RS)
Thomas Dixon to third
Sean Perkins to second
Thomas Dixon scores
Sean Perkins to third
Pitching: LHP Manuel Encarnación
Pinch Hitting: SHB Giel Molendijk 0-0: Called Strike
0-1: Ball
1-1: Called Strike
1-2: Ball
2-2: SINGLE (Line Drive, 34D)
Sean Perkins scores
Cássio Cardenas to second
Batting: RHB Luis Fuentes 0-0: Fly out, F9 (Flyball, 89S)
Top of the 9th over - 3 run(s), 3 hit(s), 0 error(s), 2 left on base; Butler 5 - Intercourse 3
BOTTOM OF THE 9TH
Intercourse Amish batting - Pitching for Butler White Sox : RHP Carlos Olmedo
Pitching: RHP Steve Newman
Now at C: Mançio Delmage
Now at 3B: Júlio Hernández
Now in CF: Giel Molendijk
Batting: RHB Bob Carr 0-0: Called Strike
0-1: Foul Ball, location: 2F
0-2: Ball
1-2: Ball
2-2: Ball
3-2: Ground out 5-3 (Groundball, 5)
Batting: LHB Dave Reynolds 0-0: Called Strike
0-1: Ground out 4-3 (Groundball, 4)
Batting: SHB Ralph Robison 0-0: Ball
1-0: Ball
2-0: Swinging Strike
2-1: Foul Ball, location: 2F
2-2: Ball
3-2: Fly out, F7 (Flyball, 7)
Bottom of the 9th over - 0 run(s), 0 hit(s), 0 error(s), 0 left on base; Butler 5 - Intercourse 3
Tuesday, August 8th, 2017 - OOTP Baseball 17.12 Build 75